 Dungeon Crawl Stone Soup version 0.17.0 (webtiles) character file.

2070752 Eucla the Skullcrusher (level 27, 273/290 HPs)
             Began as an Ogre Fighter on Nov 16, 2015.
             Escaped with the Orb
             ... and 4 runes on Nov 17, 2015!
             The game lasted 03:26:47 (96092 turns).

Eucla the Skullcrusher (Ogre Fighter)              Turns: 96092, Time: 03:26:47

Health: 273/290    AC: 36    Str: 37    XL:     27
Magic:  30/30      EV: 26    Int: 12    God:
Gold:   8609       SH:  0    Dex: 24    Spells: 0 memorised, 26 levels left

rFire  + + +     SeeInvis +     r - +8 giant spiked club of Descent {venom, rF+ Int-3 SInv Stlth+}
rCold  + + +     Clarity  +     X - +9 armour of the Dragon King {rPois rF+ rC+ MR+}
rNeg   + . .     SustAt   .     (shield currently unavailable)
rPois  +         Gourm    .     d - +2 hat {Spirit}
rElec  +         Spirit   +     v - +2 cloak of Starlight {rElec rC+ EV+4 Stlth--}
rCorr  +         Warding  .     (gloves unavailable)
rMut   .         Stasis   .     (boots unavailable)
MR     +++++                    Q - amulet of the Four Winds {Clar rN+ MR+++}
Stlth  ..........               l - ring "Ocyovekh" {*Confuse rF+ rC+ SInv}
                                y - ring "Daudgh" {Fire +Inv Str+4 Int+3 Dex+4}

@: mighty, brilliant, agile, resistant, flying, very slightly contaminated,
hasted, studying Invocations, invisible, very quick, almost entirely resistant
to hostile enchantments, extremely unstealthy
A: unfitting armour, clumsy 1, deformed body, deterioration 1, frail 1, low mp
2, screaming 1, tough skin 1, weak 1, subdued magic 2
a: no special abilities
0: Orb of Zot
}: 4/15 runes: decaying, serpentine, slimy, silver


You escaped.
You were not hungry.

You visited 12 branches of the dungeon, and saw 63 of its levels.
You visited the Abyss 1 time.
You visited 1 ziggurat, and saw 15 of its levels.
You also visited: Trove, Ossuary, Ice Cave, Volcano and Wizlab.

You collected 11459 gold pieces.
You spent 2850 gold pieces at shops.

Inventory:

Hand Weapons
 r - the +8 giant spiked club of Descent (weapon) {venom, rF+ Int-3 SInv Stlth+}
   (Okawaru gifted it to you on level 1 of the Snake Pit)

   It poisons the flesh of those it strikes.
   It affects your intelligence (-3).
   It protects you from fire.
   It lets you see invisible.
   It makes you more stealthy.
Armour
 d - a +2 hat of spirit shield (worn)
 v - the +2 cloak of Starlight (worn) {rElec rC+ EV+4 Stlth--}
   (You acquired it on level 2 of the Depths)

   It affects your evasion (+4).
   It protects you from cold.
   It insulates you from electricity.
   It makes you much less stealthy.
 J - a +8 gold dragon armour
 X - the +9 armour of the Dragon King (worn) {rPois rF+ rC+ MR+}
   (You found it on level 8 of a ziggurat)

   It protects you from fire.
   It protects you from cold.
   It protects you from poison.
   It affects your resistance to hostile enchantments.
Jewellery
 c - the ring "Konenko" {rPois rF++ MR+ Dex+4}
   (You found it on level 6 of the Pits of Slime)

   [ring of poison resistance]

   It affects your dexterity (+4).
   It greatly protects you from fire.
   It protects you from poison.
   It affects your resistance to hostile enchantments.
 l - the ring "Ocyovekh" (right hand) {*Confuse rF+ rC+ SInv}
   (You found it on level 14 of a ziggurat)

   [ring of see invisible]

   It protects you from fire.
   It protects you from cold.
   It lets you see invisible.
   It may confuse you when you take damage.
 o - the ring "Urghalla" {rPois rF+ Stlth+}
   (You took it off a deep elf sorcerer on level 3 of the Elven Halls)

   [ring of protection from fire]

   It protects you from fire.
   It protects you from poison.
   It makes you more stealthy.
 y - the ring "Daudgh" (left hand) {Fire +Inv Str+4 Int+3 Dex+4}
   (You found it on level 13 of a ziggurat)

   [ring of fire]

   It enhances your fire magic, and weakens your ice magic.
   It affects your strength (+4).
   It affects your intelligence (+3).
   It affects your dexterity (+4).
   It protects you from fire.
   It makes you vulnerable to cold.
   It lets you turn invisible.
 C - the ring "Dotobovo" {rPois rF+ MR+ Dex+2}
   (You found it on level 6 of the Pits of Slime)

   [ring of poison resistance]

   It affects your dexterity (+2).
   It protects you from fire.
   It protects you from poison.
   It affects your resistance to hostile enchantments.
 G - the ring of Robustness {AC+8}
   (You found it in a treasure trove)

   [ring of protection]

   It affects your AC (+8).
 P - the ring of the Forgotten Runes {Fire +Blink rN+ MP+9 Int-3}
   (You found it on level 4 of the Depths)

   [ring of fire]

   It enhances your fire magic, and weakens your ice magic.
   It affects your intelligence (-3).
   It protects you from fire.
   It makes you vulnerable to cold.
   It protects you from negative energy.
   It affects your magic capacity (+9).
   It lets you blink.
 Q - the amulet of the Four Winds (around neck) {Clar rN+ MR+++}
   (You found it in a treasure trove)

   [amulet of clarity]

   It provides mental clarity.
   It protects you from negative energy.
   It affects your resistance to hostile enchantments.
Wands
 g - a wand of heal wounds (4)
 i - a wand of heal wounds (6)
 j - a wand of teleportation (4)
 s - a wand of digging (5)
Scrolls
 f - 7 scrolls of blinking
 h - 2 scrolls of fear
 p - 19 scrolls of remove curse
 w - 6 scrolls of teleportation
 x - 2 scrolls of magic mapping
 z - 3 scrolls of holy word
 F - 10 scrolls of fog
 H - 9 scrolls of enchant weapon
 O - 14 scrolls of identify
 T - 4 scrolls of silence
Potions
 n - 2 potions of resistance
 q - 18 potions of curing
 t - 3 potions of cancellation
 A - a potion of agility
 W - 3 potions of magic
 Y - 3 potions of brilliance
 Z - 5 potions of might
Books
 u - a manual of Invocations
Miscellaneous
 a - a sack of spiders
 k - a lamp of fire
 m - a disc of storms
 K - a fan of gales
 M - a stone of tremors
 U - a phial of floods
Comestibles
 e - 8 bread rations


   Skills:
 O Level 27 Fighting
 O Level 27 Maces & Flails
 * Level 26.9 Armour
 - Level 13.5 Dodging
   Level 2.6 Shields
   Level 5.3 Invocations
 + Level 21.3 Evocations


You had 26 spell levels left.
You didn't know any spells.

Dungeon Overview and Level Annotations

Branches:
Dungeon (15/15)            Temple (1/1) D:7            Lair (8/8) D:8
  Swamp (4/4) Lair:4        Snake (4/4) Lair:5        Slime (6/6) Lair:8
    Orc (4/4) D:10            Elf (3/3) Orc:4        Vaults (5/5) D:14
  Crypt (3/3) Vaults:2       Tomb (0/3) Crypt:3      Depths (5/5) D:15
    Zot (5/5) Depths:5

Altars:
Ashenzari
Cheibriados
Dithmenos
Gozag
Kikubaaqudgha
Makhleb
Nemelex Xobeh
Okawaru
Qazlal
Ru
Sif Muna
Trog
Vehumet
Xom
Yredelemnul
Zin
The Shining One
Jiyva

Shops:
D:12 (?=[   Orc:1 }   Orc:3 ?   Orc:4 ([=*   Elf:1 ??   Elf:2 %   Vaults:2 (
Depths:4 (

Portals:
Hell: Depths:1 Depths:2 Depths:3 Depths:4 Depths:5
Abyss: Depths:4
Pandemonium: Depths:1 Depths:2 Depths:3

Annotations:
D:9 1 runed door
Depths:4 1 exclusion


Innate Abilities, Weirdness & Mutations

You are too large for most types of armour.
You have tough skin (AC +1).
You are clumsy. (Dex -2)
Armour fits poorly on your strangely shaped body.
Your body sometimes deteriorates upon taking damage.
You are frail (-10% HP).
Your magical capacity is very low (-20% MP).
You occasionally shout uncontrollably at your foes.
You are weak. (Str -2)
Your spells are easier to cast, but less powerful.


Message History

You feel very buoyant.
You fly up into the air.
Drink which item? (? for menu, Esc to quit)
You fade into invisibility!
You are very lightly contaminated with residual magic.
Drink which item? (? for menu, Esc to quit)
You feel yourself speed up.
Drink which item? (? for menu, Esc to quit)
You feel clever all of a sudden.
Drink which item? (? for menu, Esc to quit)
You feel very mighty all of a sudden.
Drink which item? (? for menu, Esc to quit)
Okay, then.
Wield which item (- for none, * to show all)? (? for menu, Esc to quit)
Okay, then.
Read which item? (? for menu, Esc to quit)
As you read the scroll of summoning, it crumbles to dust.
Wisps of shadow whirl around you...
Unknown command.
You have escaped!

.#
#.#.'##
#.... ##
#.#≈.P♣
##....
#.#♣.♣P#
#.....
#.'..♣♣#
#.....
###♣..♣
#.....
♣..♣
#.....
#P♣g♣#
#.....
#P♣gK#
#.....
#♣♣.@#
#.....
####
#.....
#.....
#.....
#.....
#.....
######


You could see 2 friendly goblins and a friendly kobold.

Vanquished Creatures
  the royal jelly (Slime:6)
  Khufu (Crypt:3)
  3 orbs of fire (Zot:5)
  6 ancient liches
  Mara (Crypt:1)
  7 juggernauts
  the Lernaean hydra (Swamp:4)
  Margery (Depths:5)
  Norris (Depths:3)
  Saint Roka (Vaults:4)
  Vashnia (Snake:3)
  2 Killer Klowns
  3 caustic shrikes
  12 golden dragons
  Nikola (Elf:1)
  A profane servitor (Crypt:3)
  A bone dragon (Crypt:3)
  7 liches
  A Brimstone Fiend (D:15)
  5 electric golems
  Jorgrun (Depths:1)
  11 tentacled monstrosities
  An Ice Fiend (D:15)
  2 Hell Sentinels
  31 Orb Guardians
  Asterion (Elf:1)
  2 quicksilver dragons
  3 pandemonium lords
  8 deep elf blademasters
  A Shadow Fiend (D:14)
  13 titans
  17 acid blobs
  10 deep elf master archers
  9 death cobs
  An eldritch tentacle (Vaults:5)
  Gastronok (D:8)
  A thorn hunter (Zig:12)
  3 octopode crushers
  A tentacled starspawn (Zig:14)
  Frances (Elf:1)
  8 sphinxes
  13 shadow dragons
  10 azure jellies
  3 ancient champions
  9 tengu reavers
  Roxanne (Snake:3)
  A revenant (Crypt:3)
  10 draconian monks
  17 storm dragons
  Wiglaf (Depths:1)
  6 ghost moths
  24 frost giants
  Donald (Orc:4)
  An orc warlord (Orc:4)
  21 fire giants
  8 draconian knights
  7 greater nagas
  Maud (Lair:3)
  12 deep elf sorcerers
  18 vault wardens
  3 iron dragons
  Louise (Elf:2)
  2 draconian scorchers
  7 draconian shifters
  A frost giant (shapeshifter) (Zig:3)
  A curse skull (Crypt:2)
  3 cacodemons
  A balrug (Zig:14)
  5 draconian zealots
  The ghost of Ultraviolent4 the Carver, a journeyman HEEE of Sif Muna (Elf:1)
  3 ghouls
  2 reapers
  3 draconian annihilators
  A warmonger (Zot:4)
  32 stone giants
  13 very ugly things
  A blood saint (D:2)
  A stone giant (shapeshifter) (Depths:4)
  3 war gargoyles
  11 green draconians
  16 ironheart preservers
  3 draconian callers
  11 deep elf demonologists
  A salamander firebrand (Depths:4)
  2 lorocyprocas
  12 red draconians
  10 vampire knights
  2 salamander stormcallers
  10 deep elf annihilators
  Azrael (Orc:4)
  9 yellow draconians
  11 black draconians
  9 mottled draconians
  A spectral titan (Crypt:3)
  13 white draconians
  9 purple draconians
  A chaos champion (Zot:4)
  20 fire dragons
  2 green deaths
  Snorg (Lair:3)
  15 ettins
  9 deep elf death magi
  A merfolk impaler (Depths:1)
  2 mummy priests (Crypt:3)
  A quicksilver dragon zombie (Zig:11)
  5 eidola
  12 great orbs of eyes
  14 jiangshi (Crypt:3)
  13 death oozes
  47 vault guards
  21 yaktaur captains
  2 deep elf high priests (Vaults:5)
  3 rakshasas
  35 hydras
  23 ice dragons
  4 ghost crabs
  25 naga warriors
  2 ice dragons (shapeshifter)
  8 spriggan air magi
  6 entropy weavers
  A ghost crab (shapeshifter) (Vaults:5)
  A monstrous demonspawn (D:2)
  Erica (D:8)
  7 death knights
  2 anacondas (shapeshifter)
  15 dancing weapons (Elf:2)
  8 deep troll shamans
  A spectral fire giant (Crypt:3)
  10 alligators
  5 vampire magi
  11 anacondas
  6 centaur warriors
  A hell hog (Zig:14)
  7 death yaks
  A queen ant (Lair:7)
  A tengu warrior (Depths:2)
  2 thrashing horrors (Zig:14)
  3 orc high priests
  113 slime creatures
  7 deep troll earth magi
  11 spriggans
  16 ogre magi
  33 deep elf knights
  A fire crab (Vaults:3)
  12 shock serpents
  21 naga sharpshooters
  Sonja (Lair:3)
  Nergalle (D:11)
  6 spriggan berserkers
  5 shadow wraiths
  4 soul eaters
  10 hell knights
  A titan skeleton (Crypt:1)
  A sun demon (Depths:1)
  A wretched star (Zig:14)
  5 salamander mystics
  29 skeletal warriors
  A spatial maelstrom (Zig:14)
  5 spriggan druids
  17 swamp dragons
  A golden dragon zombie (Zig:11)
  3 unseen horrors
  11 deep elf summoners
  2 death drakes
  5 iron trolls
  6 flayed ghosts
  8 naga ritualists
  A tengu zombie (Zig:11)
  17 orc knights
  5 shambling mangroves
  3 ice devils
  5 giant orange brains
  A putrid demonspawn (Zot:4)
  A shadow dragon zombie (Zig:11)
  8 necromancers
  22 deep trolls
  Pikel (D:6)
  An infernal demonspawn (D:15)
  A sphinx zombie (Vaults:2)
  9 mana vipers
  20 deep elf conjurers
  An orb spider (shapeshifter) (Vaults:3)
  8 hill giants
  A lindwurm (shapeshifter) (Vaults:5)
  A harpy (shapeshifter) (Vaults:4)
  16 ironbrand convokers
  6 wizards
  A manticore (shapeshifter) (Depths:4)
  A lindwurm (Volcano)
  4 manticores
  12 orc sorcerers
  5 sixfirhies
  4 griffons
  A frost giant zombie (Zig:11)
  12 phantasmal warriors
  45 ugly things
  4 shining eyes
  A fire giant zombie (Zig:11)
  11 cyclopes
  An elephant (shapeshifter) (Depths:5)
  11 elephants
  A moth of wrath (shapeshifter) (Vaults:5)
  4 wolf spiders
  14 moths of wrath
  7 hornets
  25 salamanders
  A guardian serpent (shapeshifter) (Depths:2)
  2 rust devils
  3 stone giant skeletons
  36 black mambas
  A shock serpent zombie (Crypt:2)
  22 vault sentinels
  6 smoke demons
  A black mamba (shapeshifter) (Vaults:5)
  5 guardian serpents
  31 naga magi
  A torpor snail (shapeshifter) (Depths:2)
  A gargoyle (D:15)
  2 apocalypse crabs
  2 ice statues (IceCv)
  A torpor snail (Lair:5)
  7 eyes of devastation
  6 centaur skeletons
  43 spiny frogs
  A black draconian zombie (Crypt:1)
  6 orange demons
  A spriggan skeleton (Zig:11)
  A komodo dragon (shapeshifter) (Vaults:2)
  2 efreet
  15 trolls
  7 guardian mummies (Crypt:3)
  A fire drake (Volcano)
  2 hellions
  2 hellwings
  9 komodo dragons
  4 tormentors
  2 ancient zymes
  6 blue devils
  6 kobold demonologists
  7 red devils
  6 tengu conjurers
  3 trolls (shapeshifter)
  56 yaktaurs
  14 giant leeches
  A wolf spider simulacrum (D:15)
  11 freezing wraiths
  17 deep elf priests
  A queen bee (Lair:1)
  Grinder (D:3)
  A polar bear (Lair:7)
  A wind drake (shapeshifter) (Depths:4)
  13 large abominations
  15 bog bodies
  9 boulder beetles
  An ettin zombie (Vaults:2)
  A hydra skeleton (Abyss:1)
  31 two-headed ogres
  A human simulacrum (Vaults:2)
  3 raiju
  7 air elementals
  18 blink frogs
  12 shadows
  2 boulder beetles (shapeshifter)
  55 flying skulls
  A trapdoor spider (shapeshifter) (Depths:4)
  A ynoxinul (Depths:2)
  8 redbacks
  7 wraiths
  A slime creature (shapeshifter) (Depths:2)
  6 fire bats (Volcano)
  43 deep elf fighters
  A satyr skeleton (Crypt:2)
  A vampire (Crypt:1)
  3 spriggans (shapeshifter)
  17 water elementals
  2 tarantellas
  38 deep elf magi
  A golden eye (Slime:6)
  A black mamba skeleton (Crypt:2)
  A tarantella (shapeshifter) (Vaults:5)
  38 yaks
  9 basilisks
  6 chaos spawn
  3 hungry ghosts
  6 neqoxecs
  Grum (D:11)
  9 wyverns
  3 fire elementals (Orc:4)
  A steam dragon (D:14)
  13 wolves
  A hippogriff (shapeshifter) (Depths:4)
  17 hippogriffs
  15 swamp worms
  54 vampire mosquitoes
  4 hell hounds
  8 wargs
  18 insubstantial wisps
  57 nagas
  20 soldier ants
  5 mottled dragons
  16 water moccasins
  An ice beast (shapeshifter) (Vaults:3)
  A water nymph skeleton (Crypt:2)
  2 black bears
  10 ice beasts
  5 phantoms
  8 eyes of draining
  9 porcupines
  4 sky beasts
  A black bear (shapeshifter) (Elf:1)
  22 swamp drakes
  54 orc warriors
  19 wasps
  7 starcursed masses (Zig:14)
  16 centaurs
  An ettin simulacrum (Vaults:2)
  65 ogres
  5 necrophages
  4 boggarts (Vaults:1)
  9 crocodiles
  4 elf zombies
  4 brain worms
  6 big kobolds
  A fire crab zombie (Crypt:1)
  39 giant frogs
  A warg zombie (Crypt:1)
  A wyvern zombie (D:12)
  An elf skeleton (Crypt:2)
  7 scorpions
  A wyvern skeleton (D:11)
  28 killer bees
  19 wights
  6 small abominations
  A yaktaur simulacrum (Vaults:1)
  17 electric eels
  8 lava snakes (Volcano)
  10 crimson imps
  A human zombie (Ossuary)
  4 centaur zombies
  2 hounds
  Crazy Yiuf (D:4)
  30 orc priests
  25 jellies
  3 iron imps
  5 giant frog skeletons
  41 orc wizards
  29 worker ants
  A quasit (D:10)
  5 iguanas
  A boulder beetle simulacrum (Vaults:3)
  A killer bee zombie (D:6)
  27 sheep
  2 big kobold zombies (Ossuary)
  An ogre zombie (Crypt:1)
  A dwarf skeleton (Crypt:2)
  2 hound zombies
  An ogre skeleton (Crypt:1)
  A worker ant zombie (D:8)
  4 mummies (Ossuary)
  Robin (D:4)
  7 adders
  8 gnolls
  53 river rats
  5 shadow imps
  2 ufetubi
  4 adder zombies
  2 worms (D:3)
  12 giant geckos
  192 orcs
  2 ball pythons (D:1)
  A bat skeleton (Crypt:2)
  6 giant cockroaches
  A gnoll zombie (Ossuary)
  14 goblins
  10 hobgoblins
  9 jackals
  9 quokkas
  3 bats
  A giant cockroach zombie (Crypt:2)
  A giant gecko skeleton (Crypt:2)
  3 giant newts
  A giant newt zombie (Crypt:1)
  2 goblin zombies (D:5)
  A hobgoblin zombie (Ossuary)
  A jackal zombie (Ossuary)
  29 kobolds
  3 orc zombies
  6 rats
  5 crawling corpses
  A fire vortex (D:8)
  7 fungi
  3 plants (D:8)
  2 starspawn tentacles (Zig:14)
3497 creatures vanquished.

Vanquished Creatures (collateral kills)
  An acid blob (Slime:6)
  A thorn hunter (Swamp:4)
  A storm dragon (Zig:10)
  A vault warden (Vaults:5)
  An ironheart preserver (Vaults:5)
  A very ugly thing (Depths:1)
  A deep elf demonologist (Vaults:3)
  A white draconian (Zot:1)
  A red draconian (Zot:1)
  A deep elf death mage (Crypt:3)
  A deep elf high priest (Vaults:5)
  A fire dragon (Zig:10)
  2 vault guards
  A yaktaur captain (Vaults:5)
  A small abomination (Vaults:5)
  4 hydras
  An alligator (Zig:12)
  A deep troll earth mage (Depths:1)
  2 ogre magi
  A thrashing horror (Zig:14)
  A death drake (Zig:10)
  3 deep trolls (Depths:1)
  An ironbrand convoker (Vaults:3)
  A swamp dragon (Swamp:4)
  8 slime creatures
  A moth of wrath (shapeshifter) (Zig:14)
  An elf zombie (Zig:14)
  2 yaktaurs (Vaults:3)
  A fire drake (Zig:10)
  A neqoxec (Zig:14)
  A fire elemental (Zig:14)
  A steam dragon (Zig:10)
  2 mottled dragons (Zig:10)
  2 swamp drakes
  5 ogres
  A starcursed mass (Zig:14)
  A jelly (Slime:5)
  A briar patch (Swamp:4)
  A crawling corpse (Vaults:5)
  A fungus (Lair:8)
61 creatures vanquished.

Vanquished Creatures (others)
  A thorn hunter (Zig:13)
  A draconian knight (Zot:5)
  A fire giant (Vaults:5)
  A draconian scorcher (Zot:1)
  A stone giant (Depths:4)
  A draconian caller (Zot:1)
  A vault guard (Vaults:5)
  A deep elf high priest (Elf:3)
  A yaktaur captain (Vaults:2)
  An ogre mage (Vaults:5)
  An alligator (Zig:6)
  A shadow wraith (Zig:14)
  A spriggan druid (Zig:13)
  A swamp dragon (Zig:13)
  A deep elf conjurer (Elf:2)
  2 ugly things (Vaults:2)
  A vault sentinel (Vaults:2)
  2 spiny frogs (Zig:13)
  2 two-headed ogres
  A water elemental (Depths:3)
  A vampire (Zig:14)
  A deep elf fighter (Vaults:4)
  A steam dragon (Zig:10)
  2 neqoxecs
  A soldier ant (Lair:7)
  2 swamp drakes (Zig:13)
  A wasp (Zig:13)
  An ice beast (D:15)
  A phantom (D:12)
  3 ogres
  An orc warrior (Orc:4)
  A centaur (Vaults:3)
  An orc simulacrum (Vaults:2)
  A starcursed mass (Zig:14)
  A jelly (Slime:2)
  An orc wizard (D:12)
  2 orcs
  10 briar patches
  2 bushes (Lair:8)
  A crawling corpse (Vaults:5)
  9 eldritch tentacle segments (Vaults:5)
  A fire vortex (D:8)
  60 fungi
  3 lost souls
  A lurking horror (Abyss:1)
  40 plants
  2 starspawn tentacles (Zig:14)
  30 starspawn tentacle segments (Zig:14)
204 creatures vanquished.

Grand Total: 3762 creatures vanquished

Notes
Turn   | Place    | Note
--------------------------------------------------------------
     0 | D:1      | Eucla the Ogre Fighter began the quest for the Orb.
     0 | D:1      | Reached XP level 1. HP: 24/24 MP: 1/1
   255 | D:1      | Reached XP level 2. HP: 24/32 MP: 2/2
   748 | D:2      | Reached skill level 1 in Armour
  1092 | D:2      | Reached XP level 3. HP: 31/40 MP: 3/3
  1816 | D:3      | Reached XP level 4. HP: 49/49 MP: 4/4
  1858 | D:3      | Noticed Grinder
  1870 | D:3      | Killed Grinder
  1870 | D:3      | Reached skill level 5 in Fighting
  1870 | D:3      | Reached skill level 5 in Maces & Flails
  1870 | D:3      | Reached XP level 5. HP: 21/57 MP: 5/5
  1870 | D:3      | Reached XP level 6. HP: 24/66 MP: 6/6
  2303 | D:4      | Reached skill level 6 in Maces & Flails
  2371 | D:4      | Noticed Robin
  2384 | D:4      | Killed Robin
  2401 | D:4      | Reached XP level 7. HP: 46/74 MP: 7/7
  2693 | D:4      | Reached skill level 7 in Maces & Flails
  2950 | D:4      | Got a slimy robe
  2961 | D:4      | Identified the +2 robe "Bopaul" {Slay+4} (You found it on level 4 of the Dungeon)
  3096 | D:4      | Found a shattered altar of Ashenzari.
  3108 | D:4      | Reached XP level 8. HP: 77/84 MP: 8/8
  3387 | D:4      | Reached skill level 8 in Maces & Flails
  3567 | D:4      | Noticed Crazy Yiuf
  3572 | D:4      | Killed Crazy Yiuf
  3601 | D:5      | Entered Level 5 of the Dungeon
  3823 | D:5      | Found a shimmering altar of Xom.
  3835 | D:5      | Found a shimmering altar of Xom.
  3888 | D:5      | Reached skill level 5 in Dodging
  3932 | D:5      | Reached skill level 9 in Maces & Flails
  4127 | D:5      | Found a sand-covered staircase.
  4147 | Ossuary  | Entered an ossuary
  4159 | Ossuary  | Reached XP level 9. HP: 82/94 MP: 9/9
  4466 | D:5      | Found a shimmering altar of Xom.
  4999 | D:6      | Reached skill level 10 in Maces & Flails
  5104 | D:6      | Found an opulent altar of Gozag.
  5158 | D:6      | Noticed Pikel
  5167 | D:6      | Killed Pikel
  5484 | D:7      | Reached skill level 11 in Maces & Flails
  5567 | D:7      | Found a staircase to the Ecumenical Temple.
  5589 | Temple   | Entered the Ecumenical Temple
  5605 | Temple   | Became a worshipper of Warmaster Okawaru
  6165 | D:7      | Reached skill level 5 in Armour
  6208 | D:7      | Reached XP level 10. HP: 102/107 MP: 10/10
  6454 | D:8      | Reached * piety under Okawaru
  6501 | D:8      | Found a staircase to the Lair.
  6543 | D:8      | Noticed Erica
  6560 | D:8      | Found a radiant altar of Vehumet.
  6577 | D:8      | Killed Erica
  6577 | D:8      | Reached ** piety under Okawaru
  6577 | D:8      | Reached skill level 12 in Maces & Flails
  6762 | D:8      | Got a crystal flail
  6763 | D:8      | Identified the +9 flail of Floods {crush, MR+} (You found it on level 8 of the Dungeon)
  7080 | Lair:1   | Entered Level 1 of the Lair of Beasts
  7249 | Lair:1   | Reached *** piety under Okawaru
  7256 | Lair:1   | Reached skill level 10 in Fighting
  7490 | Lair:1   | HP: 5/110 [komodo dragon (26)]
  7491 | Lair:1   | Reached skill level 13 in Maces & Flails
  7922 | Lair:1   | Identified a scroll of acquirement
  8166 | Lair:1   | Reached **** piety under Okawaru
  8216 | Lair:1   | Reached XP level 11. HP: 84/118 MP: 8/11
  9103 | Lair:2   | Noticed a six-headed hydra
  9122 | Lair:2   | Killed a six-headed hydra
  9122 | Lair:2   | Reached ***** piety under Okawaru
  9122 | Lair:2   | Reached skill level 14 in Maces & Flails
  9559 | Lair:2   | Received a gift from Okawaru
  9850 | Lair:2   | Noticed a five-headed hydra
  9860 | Lair:2   | Killed a five-headed hydra
  9865 | Lair:2   | Noticed a seven-headed hydra
  9870 | Lair:2   | Killed a seven-headed hydra
  9882 | Lair:2   | Noticed an eight-headed hydra
  9895 | Lair:2   | Killed an eight-headed hydra
  9895 | Lair:2   | Reached skill level 15 in Maces & Flails
  9895 | Lair:2   | Reached XP level 12. HP: 18/131 MP: 12/12
 10527 | Lair:3   | Noticed Snorg
 10544 | Lair:3   | Killed Snorg
 11006 | Lair:3   | Noticed Sonja
 11026 | Lair:3   | Killed Sonja
 11613 | Lair:3   | Noticed Maud
 11651 | Lair:3   | Noticed a seven-headed hydra
 12034 | Lair:3   | Killed a seven-headed hydra
 12542 | Lair:3   | Killed Maud
 12542 | Lair:3   | Reached skill level 16 in Maces & Flails
 13339 | Lair:4   | Noticed a five-headed hydra
 13347 | Lair:4   | Killed a five-headed hydra
 13347 | Lair:4   | Received a gift from Okawaru
 13665 | Lair:4   | Found a staircase to the Swamp.
 13665 | Lair:4   | Noticed a six-headed hydra
 13682 | Lair:4   | Killed a six-headed hydra
 14363 | Lair:4   | Reached XP level 13. HP: 87/141 MP: 13/13
 14495 | Lair:4   | Received a gift from Okawaru
 15089 | Lair:5   | Found a staircase to the Snake Pit.
 15260 | Lair:5   | Reached skill level 17 in Maces & Flails
 15841 | Lair:5   | Got a steaming large shield
 15842 | Lair:5   | Identified the +2 large shield of the Loofah {rC+ Str+10} (You found it on level 5 of the Lair of Beasts)
 16684 | Lair:7   | Reached ****** piety under Okawaru
 16973 | Lair:7   | Received a gift from Okawaru
 16997 | Lair:7   | Received a gift from Okawaru
 17105 | Lair:7   | Reached skill level 10 in Dodging
 17511 | Lair:7   | Reached skill level 18 in Maces & Flails
 17850 | Lair:7   | Reached XP level 14. HP: 54/154 MP: 14/14
 18097 | Lair:7   | Received a gift from Okawaru
 18122 | Lair:7   | Got a dazzling quicksilver dragon armour {god gift}
 18133 | Lair:7   | Identified the quicksilver dragon armour "Dagoutret" {rF+ rN+ MR+ MP-9 Str+2} (Okawaru gifted it to you on level 7 of the Lair of Beasts)
 18779 | Lair:8   | Entered Level 8 of the Lair of Beasts
 18841 | Lair:8   | Reached skill level 19 in Maces & Flails
 18970 | Lair:8   | Found a dark tunnel.
 18984 | Volcano  | Entered a volcano
 19196 | Volcano  | Found a bloodstained altar of Trog.
 19339 | Lair:8   | Found a staircase to the Slime Pits.
 19342 | Lair:8   | Found a viscous altar of Jiyva.
 19372 | Lair:8   | Received a gift from Okawaru
 19375 | Lair:8   | Got a steaming great mace {god gift}
 19457 | Lair:8   | Received a gift from Okawaru
 19462 | Lair:8   | Identified the +1 great mace of Ucapp {freeze, Str-2 Int+3} (Okawaru gifted it to you on level 8 of the Lair of Beasts)
 20181 | Lair:8   | Received a gift from Okawaru
 20186 | Lair:8   | Got a steaming triple sword {god gift}
 20197 | Lair:8   | Identified the +6 triple sword of Inior {speed, Int+6 Stlth+} (Okawaru gifted it to you on level 8 of the Lair of Beasts)
 20281 | Lair:8   | Reached skill level 15 in Fighting
 20464 | Lair:8   | Reached XP level 15. HP: 79/167 MP: 15/15
 20527 | Lair:8   | Reached skill level 10 in Armour
 21082 | Lair:8   | Reached skill level 20 in Maces & Flails
 21921 | D:8      | Noticed Gastronok
 21929 | D:8      | Killed Gastronok
 22122 | D:8      | Received a gift from Okawaru
 22176 | D:9      | Found a sacrificial altar of Ru.
 22178 | D:9      | Found a shadowy altar of Dithmenos.
 22251 | D:9      | Found a runed door.
 22256 | D:9      | Found a basalt altar of Yredelemnul.
 22399 | D:9      | Found a snail-covered altar of Cheibriados.
 22399 | D:9      | Found a stormy altar of Qazlal.
 22647 | D:10     | Entered Level 10 of the Dungeon
 23223 | D:10     | Found a staircase to the Orcish Mines.
 23815 | D:11     | Noticed Grum
 23827 | D:11     | Killed Grum
 23877 | D:11     | Noticed Nergalle
 23884 | D:11     | Killed Nergalle
 24546 | D:12     | Found Pudemecs's Magic Scroll Boutique.
 24547 | D:12     | Found Emerhen's Weapon Boutique.
 24557 | D:12     | Bought a scroll of blinking for 97 gold pieces
 24557 | D:12     | Bought a scroll of teleportation for 39 gold pieces
 24557 | D:12     | Bought a scroll of identify for 26 gold pieces
 24557 | D:12     | Bought a scroll of summoning for 123 gold pieces
 24638 | D:12     | Found Fasmaa's Jewellery Shoppe.
 24644 | D:12     | Found a frozen archway.
 24687 | IceCv    | Entered an ice cave
 25089 | IceCv    | Got a wizard robe
 25090 | IceCv    | Identified the +1 robe of the Eternal Void {rF+ Dex+3} (You found it in an ice cave)
 25621 | D:12     | Found Sotiffoh's Armour Shop.
 25858 | D:12     | Noticed a deep elf sorcerer
 25866 | D:12     | Killed a deep elf sorcerer
 25879 | D:12     | Found a deep blue altar of Sif Muna.
 26046 | D:12     | Paralysed by an orc sorcerer for 2 turns
 26055 | D:12     | Received a gift from Okawaru
 26503 | D:13     | Reached skill level 21 in Maces & Flails
 27116 | D:14     | Reached XP level 16. HP: 150/179 MP: 13/16
 27258 | D:14     | Found a gate to the Vaults.
 28161 | D:15     | Entered Level 15 of the Dungeon
 28192 | D:15     | Received a gift from Okawaru
 28907 | D:15     | Found an ancient bone altar of Kikubaaqudgha.
 29419 | D:15     | Received a gift from Okawaru
 29419 | D:15     | Reached skill level 22 in Maces & Flails
 29426 | D:15     | Got a brightly glowing cloak {god gift}
 29638 | D:15     | Identified the +0 cloak of Gallantry {rC+ rCorr} (Okawaru gifted it to you on level 15 of the Dungeon)
 29654 | D:15     | Found a staircase to the Depths.
 30503 | Orc:1    | Entered Level 1 of the Orcish Mines
 30503 | Orc:1    | Found Yrehak's Gadget Shop.
 30532 | Orc:1    | Bought a wand of digging (20) for 480 gold pieces
 30532 | Orc:1    | Bought a sack of spiders for 200 gold pieces
 31210 | Orc:3    | Found Veerout's Magic Scroll Emporium.
 31217 | Orc:3    | Bought a scroll of magic mapping for 52 gold pieces
 31217 | Orc:3    | Bought a scroll of blinking for 112 gold pieces
 31217 | Orc:3    | Bought a scroll of teleportation for 45 gold pieces
 31217 | Orc:3    | Bought a scroll of teleportation for 45 gold pieces
 31610 | Orc:4    | Entered Level 4 of the Orcish Mines
 31610 | Orc:4    | Found Vesien's General Store.
 32225 | Orc:4    | Found Hioptukya's Jewellery Shop.
 32253 | Orc:4    | Noticed Azrael
 32260 | Orc:4    | Killed Azrael
 32267 | Orc:4    | Noticed Donald
 32297 | Orc:4    | Received a gift from Okawaru
 32309 | Orc:4    | Killed Donald
 32623 | Orc:4    | Reached XP level 17. HP: 183/191 MP: 17/17
 32664 | Orc:4    | Found Hap Owus's Antique Armour Shoppe.
 32687 | Orc:4    | Bought a smoking cloak for 304 gold pieces
 32687 | Orc:4    | Identified the cursed +0 cloak of Melal {*Contam Str+9 SInv} (You bought it in a shop on level 4 of the Orcish Mines)
 32734 | Orc:4    | Found a staircase to the Elven Halls.
 32771 | Orc:4    | Found Gutefea's Antique Weapon Shoppe.
 32927 | Orc:4    | Bought a potion of curing for 39 gold pieces
 33360 | Swamp:1  | Entered Level 1 of the Swamp
 34437 | Swamp:2  | Reached skill level 23 in Maces & Flails
 35083 | Swamp:3  | Received a gift from Okawaru
 35551 | Swamp:4  | Entered Level 4 of the Swamp
 36322 | Swamp:4  | Received a gift from Okawaru
 36382 | Swamp:4  | Received a gift from Okawaru
 36849 | Swamp:4  | Noticed the 27-headed Lernaean hydra
 36856 | Swamp:4  | Killed the 27-headed Lernaean hydra
 36856 | Swamp:4  | Received a gift from Okawaru
 36856 | Swamp:4  | Reached XP level 18. HP: 168/202 MP: 13/18
 37401 | Swamp:4  | Got a decaying rune of Zot
 37750 | Snake:1  | Entered Level 1 of the Snake Pit
 37902 | Snake:1  | Reached skill level 24 in Maces & Flails
 38630 | Snake:1  | Found Wikoatin's Food Boutique.
 38637 | Snake:1  | Bought a beef jerky for 21 gold pieces
 38637 | Snake:1  | Bought a beef jerky for 21 gold pieces
 38637 | Snake:1  | Bought a beef jerky for 21 gold pieces
 38637 | Snake:1  | Bought a royal jelly for 28 gold pieces
 38637 | Snake:1  | Bought a bread ration for 70 gold pieces
 38637 | Snake:1  | Bought a meat ration for 70 gold pieces
 38637 | Snake:1  | Bought a slice of pizza for 21 gold pieces
 38637 | Snake:1  | Bought a meat ration for 70 gold pieces
 39846 | Snake:1  | Received a gift from Okawaru
 39851 | Snake:1  | Got a scorched giant spiked club {god gift}
 40270 | Snake:1  | Identified the +8 giant spiked club of Descent {venom, rF+ Int-3 SInv Stlth+} (Okawaru gifted it to you on level 1 of the Snake Pit)
 40562 | Snake:2  | Found a runed door.
 41223 | Snake:2  | Reached skill level 25 in Maces & Flails
 41390 | Snake:2  | Received a gift from Okawaru
 42183 | Snake:2  | Got a pitted shadow dragon armour {god gift}
 42194 | Snake:2  | Identified the +2 shadow dragon armour of Protective Custody {SInv Stlth++++} (Okawaru gifted it to you on level 2 of the Snake Pit)
 43065 | Snake:2  | Reached XP level 19. HP: 200/211 MP: 16/19
 43201 | Snake:2  | Got a twisted cloak
 43212 | Snake:2  | Identified the +1 cloak of the Gravedigger {rC- Str+3} (You found it on level 2 of the Snake Pit)
 43314 | Snake:3  | Reached skill level 26 in Maces & Flails
 43576 | Snake:3  | Received a gift from Okawaru
 43684 | Snake:3  | Got an ichor-stained morningstar {god gift}
 43701 | Snake:3  | Identified the +5 morningstar of Awkwardness {vamp, MR- Str+4} (Okawaru gifted it to you on level 3 of the Snake Pit)
 43805 | Snake:3  | Noticed Roxanne
 43821 | Snake:3  | Killed Roxanne
 43851 | Snake:3  | Noticed Vashnia
 43864 | Snake:3  | Killed Vashnia
 43874 | Snake:3  | HP: 7/211 [naga sharpshooter/steel bolt[Vashnia] (16)]
 44488 | Snake:4  | Entered Level 4 of the Snake Pit
 44891 | Snake:4  | Received a gift from Okawaru
 44945 | Snake:4  | Reached skill level 27 in Maces & Flails
 47039 | Snake:4  | Received a gift from Okawaru
 48017 | Snake:4  | Got a serpentine rune of Zot
 48450 | Elf:1    | Entered Level 1 of the Elven Halls
 48464 | Elf:1    | Paralysed by an orc sorcerer for 7 turns
 48485 | Elf:1    | Paralysed by an orc sorcerer for 5 turns
 48537 | Elf:1    | Noticed Ultraviolent4's ghost (journeyman HEEE)
 48586 | Elf:1    | Found a magical portal.
 48595 | Elf:1    | Killed Ultraviolent4's ghost
 48598 | Elf:1    | Noticed Nikola
 48608 | Elf:1    | Killed Nikola
 48608 | Elf:1    | Reached XP level 20. HP: 132/231 MP: 6/20
 48620 | WizLab   | Entered Wucad Mu's Monastery
 48861 | Elf:1    | Found Urchio's Magic Scroll Shoppe.
 48864 | Elf:1    | Bought a scroll of blinking for 135 gold pieces
 48864 | Elf:1    | Bought a scroll of blinking for 135 gold pieces
 48864 | Elf:1    | Bought a scroll of enchant armour for 135 gold pieces
 48864 | Elf:1    | Bought a scroll of enchant weapon for 135 gold pieces
 48864 | Elf:1    | Bought a scroll of enchant armour for 135 gold pieces
 48864 | Elf:1    | Bought a scroll of recharging for 171 gold pieces
 48875 | Elf:1    | Found Zarufesm's Magic Scroll Boutique.
 48879 | Elf:1    | Bought a scroll of enchant armour for 120 gold pieces
 48923 | Elf:1    | Noticed Frances
 48924 | Elf:1    | Noticed Asterion
 48943 | Elf:1    | Killed Frances
 48947 | Elf:1    | Killed Asterion
 49547 | Elf:1    | Found an ancient bone altar of Kikubaaqudgha.
 49655 | Elf:1    | Received a gift from Okawaru
 50036 | Elf:2    | Noticed Louise
 50057 | Elf:2    | Killed Louise
 50394 | Elf:2    | Found Niock's Food Shoppe.
 50628 | Elf:2    | Found a huge runed gate.
 50628 | Elf:2    | Found a huge runed gate.
 50628 | Elf:2    | Found a huge runed gate.
 50628 | Elf:2    | Found a huge runed gate.
 50634 | Elf:2    | Found a huge runed gate.
 50738 | Elf:2    | Reached skill level 1 in Evocations
 52247 | Elf:3    | Entered Level 3 of the Elven Halls
 52410 | Elf:3    | Received a gift from Okawaru
 53422 | Elf:3    | Reached XP level 21. HP: 220/249 MP: 15/24
 53443 | Elf:3    | Received a gift from Okawaru
 53443 | Elf:3    | Reached skill level 5 in Evocations
 54209 | Elf:3    | Got a brightly glowing golden amulet
 54315 | Elf:3    | Identified the amulet of Iclyuwaga {Stasis Dex+2} (You found it on level 3 of the Elven Halls)
 54316 | Elf:3    | Got an ancient brass ring
 54317 | Elf:3    | Identified the ring of Departure {+Fly AC+2 Str+4 Int+3} (You took it off a deep elf sorcerer on level 3 of the Elven Halls)
 54329 | Elf:3    | Got a heavily runed bronze ring
 54359 | Elf:3    | Received a gift from Okawaru
 54894 | Vaults:1 | Entered Level 1 of the Vaults
 54930 | Vaults:1 | Identified the ring "Urghalla" {rPois rF+ Stlth+} (You took it off a deep elf sorcerer on level 3 of the Elven Halls)
 56013 | Vaults:1 | Received a gift from Okawaru
 56030 | Vaults:1 | Got a crystal giant club {god gift}
 56031 | Vaults:1 | Identified the +4 giant club "Ruycaw" {crush, +Inv rN+ MP-9 Dex-4} (Okawaru gifted it to you on level 1 of the Vaults)
 57155 | Vaults:2 | Reached XP level 22. HP: 170/267 MP: 20/27
 57549 | Vaults:2 | Received a gift from Okawaru
 57907 | Vaults:2 | Found a deep blue altar of Sif Muna.
 57985 | Vaults:2 | Found a staircase to the Crypt.
 58292 | Vaults:2 | Found Toqan's Weapon Shop.
 60110 | Vaults:3 | Received a gift from Okawaru
 61164 | Vaults:4 | Reached skill level 27 in Fighting
 61546 | Vaults:4 | Found a portal to a secret trove of treasure.
 61610 | Vaults:4 | Noticed Saint Roka
 62070 | Vaults:4 | Reached skill level 10 in Evocations
 62107 | Vaults:4 | Received a gift from Okawaru
 62306 | Vaults:4 | Reached XP level 23. HP: 278/284 MP: 30/30
 62331 | Vaults:4 | Killed Saint Roka
 63140 | Trove    | Entered a treasure trove
 63141 | Trove    | Fell from the grace of Okawaru
 63184 | Trove    | Got a warped tin amulet
 63186 | Trove    | Got a wavering turquoise ring
 63195 | Trove    | Got a fine marble ring
 63214 | Trove    | Identified the amulet "Eleishux" {rF+ Regen+} (You found it in a treasure trove)
 63219 | Trove    | Got an ancient brass ring
 63234 | Trove    | Identified the ring "Vegui" {rF+ Dex+3} (You found it in a treasure trove)
 63236 | Trove    | Identified the ring of Dod Vuhis {rElec MP+9 Dex+4 Stlth-} (You found it in a treasure trove)
 63238 | Trove    | Identified the ring "Qyhafo" {rF+ rN+ Str-5 Int+7} (You found it in a treasure trove)
 63791 | Temple   | Became a worshipper of Makhleb the Destroyer
 64220 | Depths:1 | Entered Level 1 of the Depths
 64240 | Depths:1 | Noticed Jorgrun
 64251 | Depths:1 | Killed Jorgrun
 64270 | Depths:1 | Reached * piety under Makhleb
 64500 | Depths:1 | Noticed Wiglaf
 64510 | Depths:1 | Killed Wiglaf
 65365 | Depths:1 | Found a one-way gate leading to the halls of Pandemonium.
 65524 | Depths:1 | Found a gateway to Hell.
 65601 | Depths:1 | Reached ** piety under Makhleb
 65701 | Depths:2 | Found a gateway to a ziggurat.
 66199 | Depths:2 | Noticed a juggernaut
 66215 | Depths:2 | Killed a juggernaut
 66246 | Depths:2 | Reached *** piety under Makhleb
 67536 | Depths:3 | Reached **** piety under Makhleb
 67569 | Depths:3 | Found a runed door.
 67572 | Depths:3 | Found a runed door.
 67639 | Depths:3 | Reached XP level 24. HP: 93/295 MP: 2/32
 67646 | Depths:3 | Noticed Norris
 68688 | Depths:3 | Killed Norris
 68694 | Depths:3 | Reached ***** piety under Makhleb
 70315 | Depths:4 | Reached skill level 15 in Armour
 70430 | Depths:4 | Got a steaming steel ring
 70436 | Depths:4 | Identified the ring of the Forgotten Runes {Fire +Blink rN+ MP+9 Int-3} (You found it on level 4 of the Depths)
 70527 | Depths:4 | Found Xayqu's Antique Weapon Shoppe.
 70958 | Depths:4 | Noticed a juggernaut
 70967 | Depths:4 | Killed a juggernaut
 71692 | Depths:4 | Noticed a juggernaut
 71702 | Depths:4 | Killed a juggernaut
 71730 | Depths:4 | Found a one-way gate to the infinite horrors of the Abyss.
 72353 | Depths:4 | Was forgiven by Okawaru
 72865 | Depths:5 | Entered Level 5 of the Depths
 72960 | Depths:5 | Reached ****** piety under Makhleb
 72996 | Depths:5 | Reached XP level 25. HP: 304/304 MP: 33/33
 73051 | Depths:5 | Found a snail-covered altar of Cheibriados.
 73051 | Depths:5 | Found a sparkling altar of Nemelex Xobeh.
 73052 | Depths:5 | Found a glowing silver altar of Zin.
 73110 | Depths:5 | Noticed Margery
 73130 | Depths:5 | Killed Margery
 73231 | Depths:5 | Noticed a juggernaut
 73249 | Depths:5 | Killed a juggernaut
 73615 | Depths:5 | Noticed a juggernaut
 74367 | Depths:5 | Reached skill level 15 in Evocations
 74428 | Depths:5 | Noticed a juggernaut
 74434 | Depths:5 | Killed a juggernaut
 74440 | Depths:5 | Noticed a juggernaut
 74450 | Depths:5 | Killed a juggernaut
 74474 | Depths:5 | Killed a juggernaut
 74609 | Depths:5 | Reached XP level 26. HP: 275/314 MP: 27/34
 74695 | Depths:5 | Found a gate to the Realm of Zot.
 75024 | Depths:2 | Got a smoking cloak
 75028 | Depths:2 | Identified the -4 cloak of the Game of Life {rN+ MR+ Dex+2} (You acquired it on level 2 of the Depths)
 75057 | Zig:1    | Entered Level 1 of a ziggurat
 75073 | Zig:2    | Entered Level 2 of a ziggurat
 75125 | Zig:3    | Entered Level 3 of a ziggurat
 75238 | Zig:4    | Entered Level 4 of a ziggurat
 75271 | Zig:4    | Got a shimmering ivory ring
 75277 | Zig:5    | Entered Level 5 of a ziggurat
 75278 | Zig:5    | Noticed Jodaphe the pandemonium lord
 75293 | Zig:5    | Killed Jodaphe the pandemonium lord
 75395 | Zig:6    | Entered Level 6 of a ziggurat
 75593 | Zig:7    | Entered Level 7 of a ziggurat
 75766 | Zig:8    | Entered Level 8 of a ziggurat
 75811 | Zig:8    | Gained mutation: Your magical capacity is low (-10% MP). [a shining eye]
 76057 | Zig:9    | Entered Level 9 of a ziggurat
 76475 | Zig:10   | Entered Level 10 of a ziggurat
 76700 | Zig:11   | Entered Level 11 of a ziggurat
 76777 | Zig:11   | Got a serpentine bone ring
 76823 | Zig:11   | Identified the ring "Vucuumut" {Wiz MR++ Slay-2 SInv} (You found it on level 11 of a ziggurat)
 76824 | Zig:11   | Identified the ring "Obaemuag" {*Confuse rF+ Str+4 Int+2 Stlth+} (You found it on level 4 of a ziggurat)
 76831 | Zig:12   | Entered Level 12 of a ziggurat
 77116 | Zig:13   | Entered Level 13 of a ziggurat
 77222 | Zig:13   | Got a wavering bone ring
 77351 | Zig:14   | Entered Level 14 of a ziggurat
 77400 | Zig:14   | Gained mutation: You expend magic power (3 MP) to strengthen your wands. [a neqoxec]
 77400 | Zig:14   | Gained mutation: Scrolls take you a little longer to read. [a neqoxec]
 77411 | Zig:14   | Paralysed by accursed screaming for 2 turns
 77425 | Zig:14   | Paralysed by accursed screaming for 1 turns
 77430 | Zig:14   | Lost intelligence.
 77432 | Zig:14   | Gained mutation: Armour fits poorly on your strangely shaped body. [a neqoxec]
 77434 | Zig:14   | Gained mutation: You are frail (-10% HP). [a neqoxec]
 77440 | Zig:14   | Gained mutation: You are occasionally teleported to nearby monsters. [a neqoxec]
 77493 | Zig:14   | Cast into the Abyss (spatial maelstrom)
 77669 | Abyss:1  | Found a corrupted altar of Lugonu.
 77749 | Zig:14   | Escaped the Abyss
 78053 | Zig:14   | Got a faintly glowing jade ring
 78091 | Zig:14   | Identified the ring "Daudgh" {Fire +Inv Str+4 Int+3 Dex+4} (You found it on level 13 of a ziggurat)
 78102 | Zig:14   | Identified the ring "Ocyovekh" {*Confuse rF+ rC+ SInv} (You found it on level 14 of a ziggurat)
 78115 | Zig:14   | Reached skill level 5 in Invocations
 78115 | Zig:14   | Reached XP level 27. HP: 290/290 MP: 31/31
 78146 | Zig:14   | Lost intelligence.
 78550 | Zig:15   | Entered Level 15 of a ziggurat
 78566 | Zig:15   | Gained mutation: You are very frail (-20% HP). [a cacodemon]
 78568 | Zig:15   | Gained mutation: You are clumsy. (Dex -2) [a cacodemon]
 78569 | Zig:15   | Gained mutation: Your spells are a little easier to cast, but a little less powerful. [a cacodemon]
 78588 | Depths:2 | Lost mutation: Scrolls take you a little longer to read. [potion of cure mutation]
 78588 | Depths:2 | Lost mutation: Your magical capacity is low (-10% MP). [potion of cure mutation]
 78588 | Depths:2 | Lost mutation: You are very frail (-20% HP). [potion of cure mutation]
 78588 | Depths:2 | Lost mutation: You are clumsy. (Dex -2) [potion of cure mutation]
 78589 | Depths:2 | Lost mutation: You are frail (-10% HP). [potion of cure mutation]
 78589 | Depths:2 | Lost mutation: You expend magic power (3 MP) to strengthen your wands. [potion of cure mutation]
 78589 | Depths:2 | Lost mutation: Armour fits poorly on your strangely shaped body. [potion of cure mutation]
 78589 | Depths:2 | Lost mutation: You are occasionally teleported to nearby monsters. [potion of cure mutation]
 79474 | Slime:1  | Entered Level 1 of the Pits of Slime
 80437 | Slime:2  | Gained mutation: You are weak. (Str -2) [a shining eye]
 80439 | Slime:2  | Gained mutation: You are clumsy. (Dex -2) [a shining eye]
 80709 | Slime:5  | Gained mutation: Armour fits poorly on your strangely shaped body. [a shining eye]
 80713 | Slime:5  | Gained mutation: Your magical capacity is low (-10% MP). [a shining eye]
 80722 | Slime:6  | Entered Level 6 of the Pits of Slime
 80911 | Slime:6  | Noticed the royal jelly
 81334 | Slime:6  | Found a viscous altar of Jiyva.
 81363 | Slime:6  | Killed the royal jelly
 82210 | Slime:6  | Got a slimy rune of Zot
 82534 | Slime:6  | Got a translucent silver ring
 82582 | Slime:6  | Got a shimmering bronze ring
 82594 | Slime:6  | Identified the ring "Konenko" {rPois rF++ MR+ Dex+4} (You found it on level 6 of the Pits of Slime)
 82595 | Slime:6  | Identified the ring "Dotobovo" {rPois rF+ MR+ Dex+2} (You found it on level 6 of the Pits of Slime)
 83303 | Crypt:1  | Entered Level 1 of the Crypt
 83305 | Crypt:1  | Noticed Mara
 83319 | Crypt:1  | Killed Mara
 85298 | Crypt:3  | Entered Level 3 of the Crypt
 85417 | Crypt:3  | Found a basalt altar of Yredelemnul.
 85673 | Crypt:3  | Got a scorched granite ring
 85697 | Crypt:3  | Identified the ring of the Thistle {rPois rC- rN+ Int-4 SInv} (You found it on level 3 of the Crypt)
 85704 | Crypt:3  | Got a glittering glass ring
 85704 | Crypt:3  | Got a vibrating iron ring
 85705 | Crypt:3  | Identified the ring "Edavi" {+Blink rN+} (You found it on level 3 of the Crypt)
 85706 | Crypt:3  | Identified the ring of the Catfish {rN+ SInv} (You found it on level 3 of the Crypt)
 85872 | Crypt:3  | Noticed Khufu
 85892 | Crypt:3  | Killed Khufu
 85981 | Crypt:3  | Found a staircase to the Tomb.
 87125 | Vaults:5 | Entered Level 5 of the Vaults
 87622 | Vaults:5 | Got a twisted giant club
 87624 | Vaults:5 | Identified the +5 giant club "Batu" {crush, Str+6} (You acquired it on level 5 of the Vaults)
 87725 | Vaults:5 | Noticed an ancient lich
 87814 | Vaults:5 | Killed an ancient lich
 88140 | Vaults:5 | Got a silver rune of Zot
 89200 | Zot:1    | Entered Level 1 of the Realm of Zot
 93070 | Zot:5    | Entered Level 5 of the Realm of Zot
 94071 | Zot:5    | Noticed an orb of fire
 94075 | Zot:5    | Gained mutation: You are frail (-10% HP). [an orb of fire]
 94085 | Zot:5    | Killed an orb of fire
 94086 | Zot:5    | Noticed an orb of fire
 94086 | Zot:5    | Gained mutation: Your magical capacity is very low (-20% MP). [an orb of fire]
 94094 | Zot:5    | Gained mutation: Your body sometimes deteriorates upon taking damage. [an orb of fire]
 94099 | Zot:5    | Killed an orb of fire
 94190 | Zot:5    | Noticed an ancient lich
 94196 | Zot:5    | Noticed an ancient lich
 94201 | Zot:5    | Killed an ancient lich
 94207 | Zot:5    | Killed an ancient lich
 94210 | Zot:5    | Noticed an orb of fire
 94221 | Zot:5    | Gained mutation: Your spells are easier to cast, but less powerful. [an orb of fire]
 94227 | Zot:5    | Killed an orb of fire
 94270 | Zot:5    | Noticed an ancient lich
 94275 | Zot:5    | Killed an ancient lich
 94278 | Zot:5    | Noticed an ancient lich
 94296 | Zot:5    | Killed an ancient lich
 94407 | Zot:5    | Noticed an ancient lich
 94417 | Zot:5    | Noticed an ancient lich
 94634 | Zot:5    | Killed an ancient lich
 94724 | Zot:5    | Got the Orb of Zot
 94796 | Zot:4    | Fell from the grace of Makhleb
 94944 | Depths:5 | Gained mutation: You occasionally shout uncontrollably at your foes. [a neqoxec]
 95275 | D:15     | Noticed Ilus the pandemonium lord
 95293 | D:15     | Killed Ilus the pandemonium lord
 95726 | D:8      | Noticed Sefrutu the pandemonium lord
 95842 | D:7      | Noticed Doynotur the pandemonium lord
 95854 | D:7      | Killed Doynotur the pandemonium lord
 96092 | D:$      | Escaped with the Orb!

Action                   |  1- 3 |  4- 6 |  7- 9 | 10-12 | 13-15 | 16-18 | 19-21 | 22-24 | 25-27 || total
-------------------------+-------+-------+-------+-------+-------+-------+-------+-------+-------++-------
Melee: Flail             |   116 |    99 |    51 |   427 |    30 |       |       |       |       ||   723
       Giant spiked club |       |       |   248 |       |  1335 |  1624 |  1235 |  1558 |  2880 ||  8880
       Whip              |       |       |    66 |    66 |       |       |       |       |       ||   132
       Great mace        |       |       |       |       |       |       |       |       |   610 ||   610
Invok: Heroism           |       |       |       |    12 |     7 |     8 |     6 |     1 |       ||    34
       Finesse           |       |       |       |     1 |       |       |       |       |       ||     1
       Renounce Religion |       |       |       |       |       |       |       |     1 |     1 ||     2
       Greater Servant o |       |       |       |       |       |       |       |       |     7 ||     7
Evoke: Wand              |       |       |     1 |    10 |       |     4 |    15 |    11 |    40 ||    81
       Box of beasts     |       |       |       |       |       |       |       |    10 |       ||    10
       Sack of spiders   |       |       |       |       |       |       |       |     7 |     3 ||    10
       Phial of floods   |       |       |       |       |       |       |       |     3 |     4 ||     7
       Fan of gales      |       |       |       |       |       |       |       |     1 |     6 ||     7
       Lamp of fire      |       |       |       |       |       |       |       |       |     4 ||     4
       Stone of tremors  |       |       |       |       |       |       |       |       |     3 ||     3
       Disc of storms    |       |       |       |       |       |       |       |       |     1 ||     1
  Use: Scroll            |     8 |       |     8 |    16 |    18 |    16 |    21 |    16 |    57 ||   160
       Potion            |       |     2 |     3 |     9 |       |     9 |     6 |     3 |    30 ||    62
 Stab: Sleeping          |       |       |     5 |     1 |       |       |    15 |    13 |     1 ||    35
       Distracted        |       |       |       |       |       |     1 |     4 |     7 |     3 ||    15
       Confused          |       |       |       |       |       |       |       |       |     4 ||     4
  Eat: Chunk             |     3 |     2 |    13 |     4 |     7 |     4 |     4 |    12 |     2 ||    51
       Beef jerky        |       |       |       |     6 |     5 |     3 |     2 |       |     1 ||    17
       Fruit             |       |       |       |    12 |     3 |     4 |       |     5 |     5 ||    29
       Royal jelly       |       |       |       |     3 |     7 |     2 |     1 |     1 |     6 ||    20
       Pizza             |       |       |       |     2 |     2 |     2 |     1 |       |     3 ||    10
       Meat ration       |       |       |       |       |     3 |     6 |     6 |     1 |     7 ||    23
       Bread ration      |       |       |       |       |       |     1 |     2 |     7 |    17 ||    27
